 Dungeon Crawl Stone Soup version 0.28-a0-95-g65e1ffefe4 (webtiles) character file.

Game seed: 6492667518766790018

93 lemonriz the Magician (level 4, 0/34 HPs)
             Began as a Palentonga Hedge Wizard on Aug 9, 2021.
             Was a Follower of Jiyva.
             Killed by nerve-wracking pain
             ... invoked by an orc priest
              (11 damage)
             ... on level 2 of the Dungeon.
             The game lasted 00:08:31 (3234 turns).

lemonriz the Magician (Palentonga Hedge Wizard)     Turns: 3234, Time: 00:08:32

Health: 0/34       AC: 11    Str: 15    XL:     4   Next: 36%
Magic:  6/9        EV: 10    Int: 14    God:    Jiyva [*.....]
Gold:   90         SH:  0    Dex:  9    Spells: 6/9 levels left

rFire   . . .      SeeInvis +   f - +0 short sword (protect)
rCold   . . .      Faith    .   (no shield)
rNeg    . . .      Spirit   .   b - +0 robe
rPois   .          Reflect  .   c - +0 hat
rElec   .          Harm     .   (no cloak)
rCorr   .          Rampage  .   (no gloves)
Will    .....                   (no barding)
Stlth   +.........              (no amulet)
HPRegen 0.11/turn               (no ring)
MPRegen 0.11/turn               (no ring)

@: under a protective aura
A: large, rugged brown scales 3, see invisible, deformed body, roll 1, armoured
tail
a: Rolling Charge, Renounce Religion, Request Jelly


You were on level 2 of the Dungeon.
You worshipped Jiyva.
Jiyva was aware of your devotion.
You visited 1 branch of the dungeon, and saw 3 of its levels.

You collected 90 gold pieces.

Inventory:

Hand Weapons
 a - a +0 dagger
 f - a +0 short sword of protection (weapon)
Armour
 b - a +0 robe (worn)
 c - a +0 hat (worn)
 k - a +0 helmet
Wands
 i - a wand of polymorph (10)
Scrolls
 d - a scroll of enchant weapon {unknown}
 e - a scroll of vulnerability {unknown}
 j - 2 scrolls of noise {unknown}
Potions
 g - a potion of attraction {unknown}
 h - a potion of lignification {unknown}


   Skills:
 + Level 1.4 Fighting
 + Level 0.2 Armour
 + Level 2.1 Dodging
 - Level 1.2 Stealth
 + Level 3.3 Spellcasting
 + Level 1.7 Conjurations
 + Level 1.4 Summonings
 + Level 1.8 Translocations


You had 6 spell levels left.
You knew the following spells:

 Your Spells              Type           Power      Damage    Failure   Level
a - Magic Dart            Conj           28%        1d4       11%         1
b - Blink                 Tloc           N/A        N/A       14%         2

Your spell library contained the following spells:

 Spells                   Type           Power      Damage    Failure   Level
 Call Imp                 Summ           6%         N/A       17%         2
 Slow                     Hex            2%         N/A       30%         2
 Conjure Flame            Conj/Fire      4%         6-21      41%         3
 Mephitic Cloud           Conj/Pois/Air  3%         N/A       45%         3


Dungeon Overview and Level Annotations

Branches:
Dungeon (3/15)

Altars:
Elyvilon
Wu Jian
Jiyva


Innate Abilities, Weirdness & Mutations

You are completely covered in rugged brown scales. (AC +3, +7% HP)
You have supernaturally acute eyesight. (SInv)
Armour fits poorly on your strangely shaped body.
You can roll at nearby foes to attack.
You have a long armoured tail.


Message History

Your weapon exudes an aura of protection.
The orc priest is moderately wounded.
The orc priest closely misses you. The orc hits you but does no damage.
The frilled lizard barely misses you.
You hit the orc priest.
The orc priest is heavily wounded.
The orc priest hits you with a +0 mace. The orc barely misses you.
The frilled lizard closely misses you.
The orc priest hits you but does no damage.
You closely miss the orc priest.
The orc priest is heavily wounded.
The orc hits you but does no damage.
The frilled lizard bites you but does no damage.
The orc priest hits you but does no damage.
You hit the orc priest.
Your tail-slap misses the orc priest.
The orc priest is severely wounded.
The orc hits you but does no damage. The frilled lizard closely misses you.
The orc priest closely misses you. The orc hits you but does no damage.
Casting: Magic Dart (safe; 11% risk of failure)
Confirm with . or Enter, or press ? or * to list all spells.
Aiming: Magic Dart (safe; 11% risk of failure)
Press: ? - help, Shift-Dir - straight line, f - orc priest
Aim: an orc priest, wielding a +0 mace (severely wounded, 100% to hit)
The magic dart hits the orc priest but does no damage.
The orc priest is severely wounded.
The frilled lizard barely misses you.
The orc priest hits you but does no damage.
The orc hits you but does no damage.
The orc priest begins to cast a cantrip, but forgets the words!
Casting: Magic Dart (safe; 11% risk of failure)
Confirm with . or Enter, or press ? or * to list all spells.
Aiming: Magic Dart (safe; 11% risk of failure)
Press: ? - help, Shift-Dir - straight line, f/p - orc priest
Aim: an orc priest, wielding a +0 mace (severely wounded, 100% to hit)
The magic dart hits the orc priest.
The orc priest is severely wounded.
The frilled lizard bites you but does no damage.
The orc priest mumbles some strange prayers to Beogh against you.
Pain shoots through your body!
You die...

#...##..............# ##......
..........#.........#######......
#..###.....#....###.........###.#
#.#####.J..#....###.#######.###.#
.....##...<#....##..(......)..#.#
...####....#....##............#.#
................##...............
#.....#..........##'#####.#....[#
.....##.........@##.#####.#######
.....##........loo........#
#.#..##..........##.....#.#
#.#..######.####.##.###.#.#
..#.## #.# #.##.# #...# ###.#
#.####.##.# ###.#
###.#######.........# #.#
.................#### #.#
....############## #.#


You could see an orc priest, an orc and a frilled lizard.

Vanquished Creatures
  Jessica (D:2)
  A worm (D:2)
  A dart slug (D:2)
  An orc (D:2)
  8 ball pythons
  5 endoplasms
  2 giant cockroaches
  4 goblins
  4 jackals (D:1)
  5 kobolds (D:1)
  4 quokkas
  6 bats
  5 frilled lizards
  11 rats
58 creatures vanquished.

Vanquished Creatures (others)
  6 plants (D:3)
6 creatures vanquished.

Grand Total: 64 creatures vanquished

Notes
Turn   | Place    | Note
-------+----------+-------------------------------------------
     0 | D:1      | lemonriz the Palentonga Hedge Wizard began the quest for
                  | the Orb.
     0 | D:1      | Reached XP level 1. HP: 13/13 MP: 4/4
    37 | D:1      | Reached skill level 1 in Conjurations
   454 | D:1      | Reached skill level 1 in Summonings
   463 | D:1      | Reached XP level 2. HP: 4/21 MP: 4/6
  1304 | D:1      | Learned a level 2 spell: Blink
  1551 | D:1      | Reached XP level 3. HP: 17/26 MP: 3/7
  2068 | D:2      | Found a white marble altar of Elyvilon.
  2075 | D:2      | Reached skill level 1 in Fighting
  2789 | D:2      | Noticed Jessica
  2801 | D:2      | Killed Jessica
  2802 | D:2      | Reached XP level 4. HP: 32/34 MP: 4/8
  2852 | D:2      | Found a faded altar of an unknown god.
  2857 | D:2      | Became a worshipper of Jiyva Jamasym the Shapeless
  2857 | D:2      | Reached * piety under Jiyva
  3153 | D:3      | Found an ornate altar of the Wu Jian Council.
  3234 | D:2      | Killed from afar by an orc priest

Illustrated notes

Levels and vault maps discovered:
D:1:      onia_arrival_mini_spirals, layout_rooms, st_stairs_14, minmay_3d_cube
D:2:      layout_basic, basic_altar, basic_ecumenical_altar, uniq_jessica
D:3:      layout_basic, amcnicky_altar_gilded, grunt_decor_resistance,
          dk_noncrumbling_2, minmay_lizard_king

Skill      XL: |  1  2  3 |
---------------+----------+-----
Conjurations   | 1 |  1.7
Summonings     | 1 |  1.4
Fighting       | 1 |  1.4
Dodging        | 2 |  2.1
Armour         | |  0.2
Stealth        | |  1.2
Spellcasting   | |  3.3
Translocations | |  1.8

Action                   |  1- 3 |  4- 6 || total
-------------------------+-------+-------++-------
Melee: Dagger            |   110 |       ||   110
       Tailslap          |     8 |     2 ||    10
       Short sword       |    82 |    16 ||    98
 Cast: Magic Dart        |    46 |     4 ||    50
 Abil: Rolling Charge    |     2 |       ||     2
  Use: Potion            |     1 |       ||     1
Armor: Robe              |   104 |    20 ||   124
Dodge: Dodged            |   116 |    18 ||   134

Table legend: (Time is in decaauts)
 A = Elapsed time spent in this place.
 B = Non-inter-level travel time spent in this place.
 C = Inter-level travel time spent in this place.
 D = Time resting spent in this place.
 E = Time spent auto-exploring this place.
 F = Levels seen in this place.
 G = Mean time per level.
                   A        B        C        D        E       F      G
               +--------+--------+--------+--------+--------+-----+--------+
         Total |   3244 |   3226 |     18 |   1116 |   1355 |   3 | 1081.3 |
       Dungeon |   3244 |   3226 |     18 |   1116 |   1355 |   3 | 1081.3 |
               +--------+--------+--------+--------+--------+-----+--------+

Top non-repeatable levels by time:
     D:1: 2057 daAuts
     D:2: 1169 daAuts
     D:3: 17 daAuts
